 Dungeon Crawl Stone Soup version 0.24.1-11-gbbbb2193e6 (webtiles) character file.

Game seed: 5851615754186795956, levelgen mode: deterministic

67097 CrazyMind the Imperceptible (level 14, -5/70 HPs)
             Began as a Spriggan Enchanter on May 3, 2020.
             Was the Champion of Dithmenos.
             Slain by an enormous slime creature (60 damage)
             ... on level 13 of the Dungeon on May 12, 2020.
             The game lasted 03:21:35 (31231 turns).

CrazyMind the Imperceptible (Spriggan Enchanter)   Turns: 31231, Time: 03:21:40

Health: -5/70      AC: 16    Str:  4    XL:     14   Next: 81%
Magic:  38/40      EV: 27    Int: 23    God:    Dithmenos [******]
Gold:   1874       SH:  8    Dex: 20    Spells: 18/35 levels left

rFire    . . .     SeeInvis +   a - +2 dagger (protect)
rCold    . . .     Gourm    .   O - +0 buckler
rNeg     . . .     Faith    .   P - +3 robe of Clouds {+Thunder rCloud rElec}
rPois    .         Spirit   .   E - +3 hat of Pondering {ponderous, MR+ MP+10 Int+5}
rElec    +         Reflect  .   o - +0 cloak
rCorr    +         Harm     .   (gloves unavailable)
MR       +++..                  (boots unavailable)
Stlth    ++++++++++             j - amulet of the acrobat
HPRegen  0.21/turn              e - ring of resist corrosion
MPRegen  0.27/turn              U - ring of flight

@: protection aura, wreathed by umbra, very quick
A: very small, unfitting armour, see invisible, herbivore, speed 3, slow
metabolism 2
a: Shadow Step, Shadow Form, Renounce Religion, Evoke Thunderclouds, Evoke
Flight


You were on level 13 of the Dungeon.
You worshipped Dithmenos.
Dithmenos was exalted by your worship.
You were hungry.

You visited 3 branches of the dungeon, and saw 20 of its levels.
You also visited: Ossuary and Volcano.

You collected 1874 gold pieces.

Inventory:

Hand Weapons
 a - a +2 dagger of protection (weapon)
 b - a +0 fustibalus
 c - a +2 dagger of venom
Missiles
 h - 378 stones
 q - 3 throwing nets
 s - 174 sling bullets
 v - 11 boomerangs
 R - 2 atropa-tipped darts
 T - 33 poisoned darts (quivered)
Armour
 o - a +0 cloak (worn)
 E - the +3 hat of Pondering (worn) {ponderous, MR+ MP+10 Int+5}
   (You found it on level 6 of the Lair of Beasts)

   It affects your intelligence (+5).
   It affects your resistance to hostile enchantments.
   It affects your magic capacity (+10).
 O - a +0 buckler (worn)
 P - the +3 robe of Clouds (worn) {+Thunder rCloud rElec}
   (You found it on level 8 of the Dungeon)

   It insulates you from electricity.
Jewellery
 e - a ring of resist corrosion (left hand)
 j - an amulet of the acrobat (around neck)
 k - an uncursed amulet of harm
 D - an uncursed amulet of rage
 U - a ring of flight (right hand)
 X - an uncursed amulet of guardian spirit
Wands
 i - a wand of random effects (11)
 y - a wand of clouds (10)
 L - a wand of enslavement (14)
 M - a wand of flame (26)
 N - a wand of polymorph (29)
 V - a wand of disintegration (8)
 W - a wand of acid (11)
 Y - a wand of digging (6)
Scrolls
 f - 13 scrolls of remove curse
 g - 9 scrolls of teleportation
 n - 7 scrolls of magic mapping
 p - 2 scrolls of brand weapon {unknown}
 r - 5 scrolls of fog
 t - a scroll of acquirement {unknown}
 u - 2 scrolls of blinking
 C - a scroll of vulnerability
 G - 3 scrolls of fear
 K - a scroll of enchant weapon {unknown}
 Q - a scroll of identify
Potions
 l - 5 potions of might
 m - 6 potions of curing
 w - a potion of cancellation {unknown}
 x - a potion of berserk rage {unknown}
 z - a potion of haste {unknown}
 A - 2 potions of ambrosia
 B - 5 potions of mutation
 F - 4 potions of heal wounds
 I - 3 potions of agility
 J - a potion of invisibility {unknown}
 S - a potion of lignification {unknown}
Miscellaneous
 H - a lamp of fire
 Z - a sack of spiders
Comestibles
 d - 15 rations


   Skills:
 + Level 6.1 Fighting
 + Level 10.1 Short Blades
 * Level 2.9 Slings
 * Level 9.9 Dodging
 + Level 23.5 Stealth
 * Level 6.2 Shields
 + Level 11.1 Spellcasting
 + Level 11.7 Hexes


You had 18 spell levels left.
You knew the following spells:

 Your Spells              Type           Power        Failure   Level  Hunger
a - Corona                Hex            ######.      1%          1    None
b - Ensorcelled Hibernat  Hex/Ice        #####.       1%          2    None
c - Confuse               Hex            ######..     1%          3    None
d - Dazzling Spray        Conj/Hex       #####.       1%          3    None
e - Confusing Touch       Hex            ######       1%          1    None
f - Tukima's Dance        Hex            ######..     1%          3    None
g - Cause Fear            Hex            ######....   1%          4    None

Your spell library contained the following spells:

 Spells                   Type           Power        Failure   Level  Hunger
 Slow                     Hex            ######..     1%          2    None
 Inner Flame              Hex/Fire       #####...     1%          3    None
 Portal Projectile        Hex/Tloc       #####.       1%          3    None
 Leda's Liquefaction      Hex/Erth       #####.....   4%          4    None
 Animate Skeleton         Necr           N/A          5%          1    None
 Apportation              Tloc           ##....       5%          1    None
 Flame Tongue             Conj/Fire      ##...        5%          1    None
 Sting                    Conj/Pois      ##..         5%          1    None
 Summon Small Mammal      Summ           ##..         5%          1    None
 Poisonous Vapours        Pois/Air       ##....       9%          2    None
 Metabolic Englaciation   Hex/Ice        #####.....   14%         5    ####...
 Yara's Violent Unravell  Hex/Tmut       #####.....   14%         5    ####...
 Conjure Flame            Conj/Fire      ##......     16%         3    None
 Gell's Gravitas          Tloc           ##........   16%         3    None
 Mephitic Cloud           Conj/Pois/Air  ##......     16%         3    None
 Static Discharge         Conj/Air       ##......     16%         3    None
 Petrify                  Tmut/Erth      ##......     47%         4    None
 Sticky Flame             Conj/Fire      ##......     47%         4    None
 Iskenderun's Battlesphe  Conj/Chrm      ##......     83%         5    ####...
 Lightning Bolt           Conj/Air       ##........   83%         5    ####...
 Freezing Cloud           Conj/Ice/Air   ##........   100%        6    #####..
 Ring of Flames           Chrm/Fire      ##........   100%        7    #######
 Ignition                 Fire           ##........   100%        8    #######
 Shatter                  Erth           ##........   100%        9    #######
 Tornado                  Air            ##........   100%        9    #######


Dungeon Overview and Level Annotations

Branches:
Dungeon (13/15)            Temple (1/1) D:6            Lair (6/6) D:11
  Swamp (0/4) Lair:2       Spider (0/4) Lair:4        Slime (0/5) Lair:5
    Orc (0/2) D:9         Ossuary (visited)         Volcano (visited)
 Vaults: D:13-14

Altars:
Ashenzari
Cheibriados
Dithmenos
Elyvilon
Fedhas
Gozag
Hepliaklqana
Kikubaaqudgha
Makhleb
Nemelex Xobeh
Okawaru
Qazlal
Ru
Sif Muna
Trog
Uskayaw
Vehumet
Wu Jian
Xom
Yredelemnul
Zin
The Shining One
Jiyva

Shops:
D:8 }([[[   D:10 %

Annotations:
D:5 exclusion: 2 doors
D:9 Psyche


Innate Abilities, Weirdness & Mutations

You are very small and have problems with some larger weapons.
You are too small for most types of armour.
You have supernaturally acute eyesight. (SInv)
You are a herbivore.
You cover ground extremely quickly.
You need to consume almost no food.


Message History

Okay, then.
Casting: Confuse (safe; 1% risk of failure)
Confirm with . or Enter, or press ? or * to list all spells.
Aiming: Ensorcelled Hibernation (safe; 1% risk of failure)
Press: ? - help, Shift-Dir - straight line, f/p - enormous slime creature
Aim: an enormous slime creature (lightly wounded, umbra, chance to defeat MR: 50%)
The enormous slime creature looks drowsy...
Your shadow mimicks your spell!
The enormous slime creature is unaffected.
Really attack while wielding your +0 fustibalus?
Okay, then.
Your +2 dagger of protection hums with potential!
a - a +2 dagger of protection (weapon)
The helpless enormous slime creature fails to defend itself.
You skewer the enormous slime creature like a kebab!!!!!
Your weapon exudes an aura of protection.
The enormous slime creature is almost dead.
The enormous slime creature hits you!!!
Ouch! That really hurt!
You die...

############## ############
#............#
#..........#####@##########.#
#..............J.# #.#
#............(...# #.#
....(...†..(....####### #.#
......................# #.#
..(.†.......##.#.####.# #.#
.....(......##.#.# #.# #.#
...............#.# #.# #.#
..#+#+#...######.# #.# #.#


You could see an enormous slime creature.

Vanquished Creatures
  Gastronok (Lair:2)
  7 hydras
  3 catoblepae (Lair:6)
  7 two-headed ogres
  An ogre mage (Volcano)
  16 death yaks
  A hell knight (Volcano)
  A skeletal warrior (D:12)
  2 lindwurms
  A necromancer (Lair:4)
  2 ugly things
  2 cyclopes
  An oklob plant (Lair:2)
  3 elephants
  3 manticores
  Joseph (Lair:1)
  4 black mambas
  A torpor snail (Lair:2)
  9 spiny frogs
  A molten gargoyle (Volcano)
  3 gargoyles
  5 komodo dragons
  4 centaur skeletons
  7 trolls
  A bog body (Lair:2)
  A slime creature (D:13)
  10 hippogriffs
  16 flying skulls (D:12)
  Sigmund (D:4)
  3 wyverns
  65 yaks
  3 hogs
  A human (D:7)
  2 fire bats (Volcano)
  2 hungry ghosts
  3 vampire mosquitoes (D:13)
  Grum (D:9)
  A basilisk (Lair:3)
  An acid dragon (D:11)
  2 swamp worms (Lair:2)
  A soldier ant (D:13)
  8 porcupines
  9 water moccasins
  6 orc warriors
  6 sky beasts
  5 black bears
  2 eyes of draining
  2 ice beasts
  2 phantoms
  7 ogres
  7 crocodiles
  4 wolves
  5 centaurs
  3 big kobolds
  24 bullfrogs
  A wyvern skeleton (D:8)
  2 scorpions
  5 killer bees
  3 electric eels
  4 howler monkeys (D:7)
  7 crimson imps
  A bullfrog zombie (D:12)
  5 lava snakes (Volcano)
  6 centaur zombies
  14 hounds
  2 jellies
  11 orc wizards
  A bullfrog skeleton (D:8)
  4 iguanas
  7 orc priests
  8 worker ants
  A polar bear simulacrum (Lair:4)
  A wolf simulacrum (Lair:4)
  5 yak simulacra (Lair:4)
  4 ogre zombies (Ossuary)
  7 mummies (Ossuary)
  A hound skeleton (D:8)
  A worker ant zombie (D:3)
  3 gnolls
  8 adders
  A river rat (D:9)
  2 shadow imps
  3 adder skeletons
  3 adder zombies
  A worm (D:2)
  2 dart slugs
  8 leopard geckos
  55 orcs
  A bat zombie (D:6)
  6 giant cockroaches
  7 goblins
  4 hobgoblins
  7 jackals
  17 kobolds
  8 quokkas
  2 ball pythons
  5 bats
  7 frilled lizards
  2 gnoll zombies (Ossuary)
  3 goblin zombies (Ossuary)
  5 hobgoblin zombies (Ossuary)
  5 kobold zombies (Ossuary)
  An orc zombie (Ossuary)
  5 quokka zombies (Ossuary)
  12 rats
  6 rat zombies
  4 river rat simulacra (Lair:4)
584 creatures vanquished.

Vanquished Creatures (others)
  A hound skeleton (D:8)
  2 fungi
  7 plants
10 creatures vanquished.

Grand Total: 594 creatures vanquished

Notes
Turn   | Place    | Note
-------+----------+-------------------------------------------
     0 | D:1      | CrazyMind the Spriggan Enchanter began the quest for the
                  | Orb.
     0 | D:1      | Reached XP level 1. HP: 9/9 MP: 5/5
   466 | D:1      | Reached XP level 2. HP: 13/13 MP: 6/6
   474 | D:1      | Learned a level 2 spell: Ensorcelled Hibernation
   480 | D:1      | Reached skill level 5 in Stealth
  1144 | D:2      | Reached XP level 3. HP: 12/16 MP: 0/8
  1154 | D:2      | Learned a level 3 spell: Dazzling Spray
  1351 | D:2      | Reached skill level 6 in Stealth
  1980 | D:2      | Reached XP level 4. HP: 19/21 MP: 4/9
  2094 | D:2      | Learned a level 3 spell: Confuse
  2159 | D:2      | Found a hazy altar of Hepliaklqana.
  2504 | D:2      | Found a glowing golden altar of the Shining One.
  2921 | D:2      | Reached skill level 7 in Stealth
  3098 | D:3      | Reached XP level 5. HP: 24/24 MP: 6/11
  3642 | D:3      | Learned a level 1 spell: Confusing Touch
  4468 | D:3      | Reached XP level 6. HP: 23/28 MP: 12/12
  4778 | D:3      | Found a sparkling altar of Nemelex Xobeh.
  4863 | D:4      | Reached skill level 8 in Stealth
  4886 | D:3      | Found a stormy altar of Qazlal.
  4886 | D:3      | Found a basalt altar of Yredelemnul.
  4910 | D:4      | Found a glowing silver altar of Zin.
  5630 | D:4      | Noticed Sigmund
  5654 | D:4      | Reached skill level 9 in Stealth
  5698 | D:4      | Reached XP level 7. HP: 27/32 MP: 10/14
  5773 | D:4      | Found a snail-covered altar of Cheibriados.
  5846 | D:4      | Killed Sigmund
  5846 | D:4      | Reached skill level 10 in Stealth
  5850 | D:5      | Entered Level 5 of the Dungeon
  6111 | D:5      | Reached skill level 5 in Hexes
  6344 | D:5      | Reached skill level 11 in Stealth
  6411 | D:5      | Reached XP level 8. HP: 37/37 MP: 12/15
  7053 | D:6      | Reached skill level 12 in Stealth
  7521 | D:6      | Reached skill level 13 in Stealth
  7598 | D:6      | Reached skill level 5 in Short Blades
  7672 | D:6      | Found a staircase to the Ecumenical Temple.
  7686 | Temple   | Entered the Ecumenical Temple
  7735 | Temple   | Became a worshipper of Dithmenos the Shadowed
  8209 | D:6      | Found an ancient bone altar of Kikubaaqudgha.
  8364 | D:7      | Found a sand-covered staircase.
  8373 | Ossuary  | Entered an ossuary
  8452 | Ossuary  | Reached * piety under Dithmenos
  8713 | Ossuary  | Reached skill level 14 in Stealth
  8758 | Ossuary  | Reached ** piety under Dithmenos
  8825 | Ossuary  | Reached XP level 9. HP: 29/40 MP: 11/16
  9376 | D:7      | Upgraded the game from 0.24.1-8-ga250c9d538 to
                  | 0.24.1-11-gbbbb2193e6
  9380 | D:7      | Learned a level 3 spell: Tukima's Dance
  9727 | D:8      | Found the +3 robe of Clouds {+Thunder rCloud rElec}
  9727 | D:8      | Noticed a cyclops
  9776 | D:8      | Noticed a two-headed ogre
  9778 | D:8      | Noticed a two-headed ogre
  9785 | D:8      | Killed a two-headed ogre
  9785 | D:8      | Reached skill level 1 in Fighting
  9785 | D:8      | Reached skill level 5 in Dodging
  9785 | D:8      | Reached skill level 15 in Stealth
  9785 | D:8      | Reached skill level 5 in Spellcasting
  9804 | D:8      | Found Bokegesi's Gadget Boutique.
  9869 | D:8      | Found Gemoc's Antique Weapon Boutique.
 10317 | D:8      | Found Wuruifek's Antique Armour Emporium.
 10449 | D:8      | Killed a two-headed ogre
 10449 | D:8      | Reached XP level 10. HP: 45/45 MP: 16/20
 10812 | D:8      | Reached skill level 16 in Stealth
 10910 | D:8      | Found Eralau's Antique Armour Emporium.
 10940 | D:8      | Reached *** piety under Dithmenos
 11483 | D:8      | Found Wuoj's Armour Shoppe.
 11569 | D:8      | Killed a cyclops
 11740 | D:9      | Found a white marble altar of Elyvilon.
 12132 | D:9      | Noticed Psyche
 12315 | D:9      | Reached **** piety under Dithmenos
 12361 | D:9      | Reached skill level 17 in Stealth
 12604 | D:9      | Noticed Grum
 12609 | D:9      | Killed Grum
 12648 | D:9      | Reached XP level 11. HP: 52/52 MP: 20/22
 12748 | D:9      | Found a staircase to the Orcish Mines.
 12990 | D:10     | Entered Level 10 of the Dungeon
 13292 | D:10     | Found Emmiu's Food Boutique.
 13401 | D:10     | Found a stormy altar of Qazlal.
 13548 | D:10     | Noticed a two-headed ogre
 13560 | D:10     | Killed a two-headed ogre
 14165 | D:11     | Reached ***** piety under Dithmenos
 14192 | D:11     | Noticed a purple ugly thing
 14633 | D:11     | Killed a purple ugly thing
 14807 | D:11     | Reached skill level 1 in Shields
 15073 | D:11     | Found a staircase to the Lair.
 15198 | D:11     | Reached skill level 18 in Stealth
 15931 | Lair:1   | Entered Level 1 of the Lair of Beasts
 15934 | Lair:1   | Noticed a seven-headed hydra
 15962 | Lair:1   | Killed a seven-headed hydra
 16065 | Lair:1   | Noticed Joseph
 16069 | Lair:1   | Killed Joseph
 16149 | Lair:1   | Found a dark tunnel.
 16157 | Volcano  | Entered a volcano
 16690 | Volcano  | Found a burning altar of Makhleb.
 16690 | Volcano  | Noticed a two-headed ogre
 16690 | Volcano  | Noticed a two-headed ogre
 16690 | Volcano  | Noticed an ogre mage
 16690 | Volcano  | Noticed a two-headed ogre
 16692 | Volcano  | Killed a two-headed ogre
 16692 | Volcano  | Reached XP level 12. HP: 56/56 MP: 25/25
 16695 | Volcano  | Killed an ogre mage
 16695 | Volcano  | Reached skill level 19 in Stealth
 16696 | Volcano  | Killed a two-headed ogre
 16697 | Volcano  | Killed a two-headed ogre
 16716 | Volcano  | Noticed a two-headed ogre
 16719 | Volcano  | Killed a two-headed ogre
 16771 | Volcano  | Reached skill level 10 in Hexes
 17732 | Lair:2   | Noticed Gastronok
 17735 | Lair:2   | Killed Gastronok
 17735 | Lair:2   | Reached skill level 20 in Stealth
 17919 | Lair:2   | Found a staircase to the Swamp.
 17981 | Lair:2   | Noticed an eight-headed hydra
 18267 | Lair:2   | Killed an eight-headed hydra
 19241 | Lair:3   | Noticed a death yak
 19241 | Lair:3   | Noticed a death yak
 19243 | Lair:3   | Noticed a death yak
 19243 | Lair:3   | Noticed a death yak
 19243 | Lair:3   | Noticed a death yak
 19488 | Lair:3   | Killed a death yak
 19488 | Lair:3   | Reached XP level 13. HP: 50/63 MP: 27/27
 19778 | Lair:2   | Reached skill level 5 in Fighting
 21150 | Lair:3   | Reached skill level 21 in Stealth
 21838 | Lair:4   | Got a scintillating tin amulet
 21839 | Lair:4   | Identified the amulet of Myno {Inacc +Inv rC- MR+ Stlth+}
                  | (You found it on level 4 of the Lair of Beasts)
 22332 | Lair:4   | Found a hole to the Spider Nest.
 22672 | Lair:5   | Identified Iforiczi's Reference Book on Attacks
 22705 | Lair:5   | Reached skill level 10 in Spellcasting
 22799 | Lair:5   | Found a viscous altar of Jiyva.
 22800 | Lair:5   | Found a staircase to the Slime Pits.
 24062 | Lair:4   | Reached skill level 5 in Shields
 24662 | Lair:4   | Reached skill level 22 in Stealth
 24864 | Lair:6   | Entered Level 6 of the Lair of Beasts
 25414 | Lair:6   | Reached XP level 14. HP: 70/70 MP: 13/29
 25565 | Lair:6   | Learned a level 4 spell: Cause Fear
 27775 | Lair:6   | Found the +3 hat of Pondering {ponderous, MR+ MP+10 Int+5}
 28479 | D:12     | Reached skill level 23 in Stealth
 28486 | D:12     | Reached skill level 1 in Slings
 29132 | D:12     | Found the +3 giant club "Skullcrusher" {speed, Str+7}
 29134 | D:12     | Reached ****** piety under Dithmenos
 30803 | D:13     | Reached skill level 10 in Short Blades
 31231 | D:13     | Slain by an enormous slime creature

Levels and vault maps discovered:
D:1:      nicolae_arrival_somewhat_less_tricky_arrival, layout_basic,
          columned_hall_lemuel, minmay_hexomino_p4
D:2:      layout_loops_ring, nicolae_tso_swordbearing_angel,
          lemuel_crystal_altar, serial_rivers, chequers_serial_rivers_micro_c,
          chequers_serial_rivers_marsh, chequers_serial_rivers_room_b,
          chequers_serial_rivers_small_a, chequers_serial_rivers_small_3,
          hangedman_decor_growths
D:3:      layout_rooms, nicolae_overflow_hidden_temple, st_stairs_8,
          minmay_between
D:4:      layout_rooms, old_standard_altar, old_standard_altar, uniq_sigmund
D:5:      cheibrodos_two_vegetables, layout_basic, first_ration,
          patterned_corridor
D:6:      layout_loops_corners, lemuel_zombie_altar_kikubaaqudgha,
          minmay_temple_entry_stoned_glass
D:7:      layout_rooms, nicolae_ossuary_entry_ruins
D:8:      layout_cave_pools, serial_shops, kennysheep_little_box, shop,
          nicolae_shop_overgrown_old_shop, kennysheep_mini_moat, shop_fountains,
          grunt_livestock, minmay_radiant
D:9:      layout_basic, elyvilon_altar_4, hiddenorc2_lemuel, uniq_grum,
          uniq_psyche
D:10:     layout_irregular_city, serial_shops, shop_statue,
          nicolae_qazlal_general_emergency
D:11:     layout_irregular_city, due_lair_maze_entry_diamond
D:12:     layout_loops_ring, minmay_guarded_unrand_skullcrusher
D:13:     minmay_big_diamond_grid, layout_basic, cheibriados_altar_1
Temple:   dshaligram_water_room_temple
Lair:1:   layout_hall_layers, enter_volcano_1, beast_lair_carwin_2, uniq_joseph
Lair:2:   layout_long_grid, nicolae_swamp_entry_splash_gauntlet, ldierk_geyser,
          minmay_lair_oklob_items, infiniplex_staircase_pool, uniq_gastronok
Lair:3:   layout_loops_ring
Lair:4:   layout_gridlike, dummy_spider_entry, eino_house_with_fridge
Lair:5:   layout_regular_city, slime_altar_1
Lair:6:   evilmike_catoblepas_cave, layout_loops_ring

Skill      XL: |  1  2  3  4  5  6  7  8  9 10 11 12 13 14 |
---------------+-------------------------------------------+-----
Stealth        | 5 6 7 9 11 14 15 17 18 20 22 23 | 23.5
Spellcasting   | 3 4 6 7 8 9 10 11 | 11.1
Short Blades   | 2 3 4 5 6 8 9 10 | 10.1
Hexes          | 4 5 8 9 10 11 | 11.7
Dodging        | 4 6 8 9 |  9.9
Fighting       | 1 3 4 6 |  6.1
Shields        | 2 3 5 6 |  6.2
Slings         | 2 |  2.9

Action                   |  1- 3 |  4- 6 |  7- 9 | 10-12 | 13-15 || total
-------------------------+-------+-------+-------+-------+-------++-------
Melee: Dagger            |   122 |   184 |   318 |   506 |   791 ||  1921
       Short sword       |       |       |       |   111 |       ||   111
 Fire: Fustibalus        |       |       |       |       |     8 ||     8
Throw: Dart              |       |       |       |     1 |       ||     1
 Cast: Corona            |     6 |       |       |       |       ||     6
       Ensorcelled Hiber |    13 |    24 |    23 |    51 |     7 ||   118
       Confusing Touch   |       |    16 |    44 |    75 |   116 ||   251
       Confuse           |       |     4 |     8 |    24 |    19 ||    55
       Tukima's Dance    |       |       |     1 |       |       ||     1
Invok: Shadow Step       |       |       |     1 |     2 |       ||     3
 Abil: Evoke Flight      |       |       |       |     3 |       ||     3
       Stop Flying       |       |       |       |     2 |       ||     2
Evoke: Wand              |       |       |       |     1 |     1 ||     2
  Use: Scroll            |       |       |     9 |     8 |     4 ||    21
       Potion            |       |       |     2 |       |       ||     2
 Stab: Sleeping          |    18 |    27 |    55 |    81 |    72 ||   253
       Distracted        |     1 |     2 |     1 |    13 |     8 ||    25
       Confused          |       |    12 |    46 |    80 |   133 ||   271
  Eat: Ration            |       |     2 |     3 |     5 |     6 ||    16
Armor: Robe              |    10 |    11 |    16 |    50 |    31 ||   118
Dodge: Dodged            |    81 |   134 |   202 |   402 |   327 ||  1146
Block: Buckler           |       |       |       |       |    85 ||    85
